TOP OF THE 1ST |
Waba Ducks batting - Pitching for Havana Rollers : RHP Ron Jenkins
|
Pitching: RHP Ron Jenkins
|
|
Batting: SHB Garrett Waller
|
0-0: Foul Ball, location: 2F 0-1: Ball 1-1: Swinging Strike 1-2: Ball 2-2: Strikes out swinging
|
Batting: RHB Edgar Juárez
|
0-0: Ball 1-0: Foul Ball, location: 2F 1-1: Foul Ball, location: 2F 1-2: Ball 2-2: Ground out 3-1 (Groundball, 2R)
|
Batting: LHB Stanley Mullins
|
0-0: Ball 1-0: Fly out, F9 (Line Drive, 9)
|
Top of the 1st over - 0 runs, 0 hits, 0 errors, 0 left on base; Waba 0 - Havana 0 |
BOTTOM OF THE 1ST |
Havana Rollers batting - Pitching for Waba Ducks : RHP Porter Warren
|
Pitching: RHP Porter Warren
|
|
Batting: LHB Marvin Nichols
|
0-0: Called Strike 0-1: SOLO HOME RUN (Line Drive, 89XD), Distance : 428 ft
|
Batting: LHB Mario Olivares
|
0-0: Called Strike 0-1: Called Strike 0-2: Foul Ball, location: 2F 0-2: Ball 1-2: Strikes out swinging, 2-3 out at first.
|
Batting: RHB Brant Sherman
|
0-0: Ground out 6-3 (Groundball, 6)
|
Batting: RHB Soshu Nakamura
|
0-0: Swinging Strike 0-1: Fly out, F4 (Popup, 4MD)
|
Bottom of the 1st over - 1 run, 1 hit, 0 errors, 0 left on base; Waba 0 - Havana 1 |
TOP OF THE 2ND |
Waba Ducks batting - Pitching for Havana Rollers : RHP Ron Jenkins
|
Batting: RHB Jim Martin
|
0-0: Ball 1-0: Ground out 4-3 (Groundball, 4)
|
Batting: RHB Juan Vareas
|
0-0: Ball 1-0: Ball 2-0: Ball 3-0: Base on Balls
|
Batting: RHB Raúl Bruno
|
0-0: Ball 1-0: Foul Ball, location: 2F 1-1: Fielders Choice at 2nd, 1-6 (Groundball, 13S)
|
Batting: RHB Pedro Guzmán
|
0-0: Called Strike 0-1: Fly out, F9 (Flyball, 9LS)
|
Top of the 2nd over - 0 runs, 0 hits, 0 errors, 1 left on base; Waba 0 - Havana 1 |
BOTTOM OF THE 2ND |
Havana Rollers batting - Pitching for Waba Ducks : RHP Porter Warren
|
Batting: RHB Bill Little
|
0-0: Ball 1-0: Ball 2-0: Ball 3-0: Base on Balls
|
Batting: LHB Shiro Ueno
|
0-0: Ball 1-0: Grounds into double play, 5-4-3 (Groundball, 56)
|
Batting: RHB Mitsuharu Matsumoto
|
0-0: Called Strike 0-1: Swinging Strike 0-2: Foul Ball, location: 2F 0-2: Ball 1-2: Ball 2-2: Strikes out looking
|
Bottom of the 2nd over - 0 runs, 0 hits, 0 errors, 0 left on base; Waba 0 - Havana 1 |
TOP OF THE 3RD |
Waba Ducks batting - Pitching for Havana Rollers : RHP Ron Jenkins
|
Batting: SHB John May
|
0-0: Called Strike 0-1: Ball 1-1: Called Strike 1-2: Strikes out looking
|
Batting: RHB Luis Cardoza
|
0-0: SINGLE (Groundball, 6MS) (infield hit)
|
Batting: SHB Garrett Waller
|
0-0: Ball 1-0: Foul Ball, location: 2F 1-1: Foul Ball, location: 2F 1-2: Foul Ball, location: 2F 1-2: Ball 2-2: Ball 3-2: Fly out, F3 (Line Drive, 3)
|
Batting: RHB Edgar Juárez
|
0-0: Called Strike 0-1: Ball 1-1: Swinging Strike 1-2: Ball 2-2: Strikes out swinging
|
Top of the 3rd over - 0 runs, 1 hit, 0 errors, 1 left on base; Waba 0 - Havana 1 |
BOTTOM OF THE 3RD |
Havana Rollers batting - Pitching for Waba Ducks : RHP Porter Warren
|
Batting: RHB Luis Aguilar
|
0-0: Ball 1-0: Swinging Strike 1-1: SINGLE (Line Drive, 9LS)
|
Batting: RHB Ken MacDonald
|
0-0: Fly out, F7 (Flyball, 7D)
|
Batting: LHB Marvin Nichols
|
0-0: Foul Ball, location: 2F 0-1: Ball 1-1: Swinging Strike Passed Ball! Luis Aguilar to second 1-2: Strikes out looking
|
Batting: LHB Mario Olivares
|
0-0: Ball 1-0: SINGLE (Groundball, 34D) Luis Aguilar to third Runner from 3rd tries for Home, SAFE, no throw
|
Batting: RHB Brant Sherman
|
0-0: Called Strike 0-1: Fly out, F8 (Flyball, 8RXD)
|
Bottom of the 3rd over - 1 run, 2 hits, 0 errors, 1 left on base; Waba 0 - Havana 2 |
TOP OF THE 4TH |
Waba Ducks batting - Pitching for Havana Rollers : RHP Ron Jenkins
|
Batting: LHB Stanley Mullins
|
0-0: Called Strike 0-1: SINGLE (Line Drive, 8LS)
|
Batting: RHB Jim Martin
|
0-0: Ball 1-0: Called Strike 1-1: Ball 2-1: Swinging Strike 2-2: SINGLE (Line Drive, 3D) Stanley Mullins to second
|
Batting: RHB Juan Vareas
|
0-0: Swinging Strike 0-1: Ground out U3 (Groundball, 34S) Stanley Mullins to third Jim Martin to second
|
Batting: RHB Raúl Bruno
|
0-0: SINGLE (Popup, 56D) Stanley Mullins scores Jim Martin to third Runner from 3rd tries for Home, SAFE, no throw
|
Batting: RHB Pedro Guzmán
|
0-0: Called Strike 0-1: Foul Ball, location: 2F 0-2: Foul Ball, location: 2F 0-2: Ground out 4-3 (Groundball, 34) Raúl Bruno to second
|
Batting: SHB John May
|
0-0: Ball 1-0: Swinging Strike 1-1: Reached on error, E6 (Groundball, 6) Raúl Bruno to third
|
Batting: RHB Luis Cardoza
|
0-0: Ball 1-0: Called Strike 1-1: Swinging Strike 1-2: Foul Ball, location: 2F 1-2: Strikes out swinging
|
Top of the 4th over - 2 runs, 3 hits, 1 error, 2 left on base; Waba 2 - Havana 2 |
BOTTOM OF THE 4TH |
Havana Rollers batting - Pitching for Waba Ducks : RHP Porter Warren
|
Batting: RHB Soshu Nakamura
|
0-0: Ball 1-0: Foul Ball, location: 2F 1-1: Foul Ball, location: 2F 1-2: Ball 2-2: Ball 3-2: Foul Ball, location: 2F 3-2: Strikes out looking
|
Batting: RHB Bill Little
|
0-0: Swinging Strike 0-1: Foul Ball, location: 2F 0-2: Reached on error, E5 (Groundball, 56S)
|
Batting: LHB Shiro Ueno
|
Pickoff Throw to Second - Out! 0-0: Ball 1-0: Ball 2-0: Called Strike 2-1: Ball 3-1: Base on Balls
|
Batting: RHB Mitsuharu Matsumoto
|
0-0: Ball 1-0: Called Strike 1-1: Ball 2-1: SINGLE (Flyball, 7S) Shiro Ueno to second
|
Batting: RHB Luis Aguilar
|
0-0: SINGLE (Groundball, 6MD) Shiro Ueno to third Mitsuharu Matsumoto to second Runner from 3rd tries for Home, SAFE, throw made home
|
Batting: RHB Ken MacDonald
|
0-0: Ball 1-0: Swinging Strike 1-1: Called Strike 1-2: Strikes out swinging
|
Bottom of the 4th over - 1 run, 2 hits, 1 error, 2 left on base; Waba 2 - Havana 3 |
TOP OF THE 5TH |
Waba Ducks batting - Pitching for Havana Rollers : RHP Ron Jenkins
|
Batting: SHB Garrett Waller
|
0-0: Ball 1-0: Ball 2-0: Called Strike 2-1: Ball 3-1: Foul Ball, location: 2F 3-2: Strikes out swinging
|
Batting: RHB Edgar Juárez
|
0-0: Ball 1-0: Swinging Strike 1-1: Fly out, F9 (Line Drive, 89S)
|
Batting: LHB Stanley Mullins
|
0-0: Called Strike 0-1: Foul Ball, location: 2F 0-2: Ground out U3 (Groundball, 3)
|
Top of the 5th over - 0 runs, 0 hits, 0 errors, 0 left on base; Waba 2 - Havana 3 |
BOTTOM OF THE 5TH |
Havana Rollers batting - Pitching for Waba Ducks : RHP Porter Warren
|
Batting: LHB Marvin Nichols
|
0-0: Called Strike 0-1: Ball 1-1: Ball 2-1: Fly out, F8 (Flyball, 8RM)
|
Batting: LHB Mario Olivares
|
0-0: Swinging Strike 0-1: Ball 1-1: Foul Ball, location: 2F 1-2: Strikes out swinging
|
Batting: RHB Brant Sherman
|
0-0: Called Strike 0-1: Ball 1-1: Called Strike 1-2: Foul Ball, location: 2F 1-2: Strikes out swinging
|
Bottom of the 5th over - 0 runs, 0 hits, 0 errors, 0 left on base; Waba 2 - Havana 3 |
TOP OF THE 6TH |
Waba Ducks batting - Pitching for Havana Rollers : RHP Ron Jenkins
|
Batting: RHB Jim Martin
|
0-0: Ball 1-0: SINGLE (Line Drive, 89S)
|
Batting: RHB Juan Vareas
|
0-0: SINGLE (Groundball, 6D) Jim Martin to second
|
Batting: RHB Raúl Bruno
|
0-0: Swinging Strike 0-1: Ball 1-1: SINGLE (Flyball, 9LS) Jim Martin to third Juan Vareas to second
|
Batting: RHB Pedro Guzmán
|
0-0: SINGLE (Flyball, 9LM) Jim Martin scores Juan Vareas to third Raúl Bruno to second
|
Batting: SHB John May
|
0-0: Called Strike 0-1: Ball 1-1: Ball 2-1: Ball 3-1: Grounds into double play, 1-2-3 (Groundball, 13) Raúl Bruno to third Pedro Guzmán to second
|
Batting: RHB Luis Cardoza
|
0-0: Foul Ball, location: 2F 0-1: Ground out 6-3 (Groundball, 6)
|
Top of the 6th over - 1 run, 4 hits, 0 errors, 2 left on base; Waba 3 - Havana 3 |
BOTTOM OF THE 6TH |
Havana Rollers batting - Pitching for Waba Ducks : RHP Porter Warren
|
Batting: RHB Soshu Nakamura
|
0-0: Ball 1-0: Called Strike 1-1: Called Strike 1-2: SINGLE (Line Drive, 9LM)
|
Batting: RHB Bill Little
|
0-0: Ball 1-0: Called Strike 1-1: Called Strike 1-2: Foul Ball, location: 2F 1-2: Ball 2-2: Foul Ball, location: 2F 2-2: Ball 3-2: Grounds into double play, 6-4-3 (Groundball, 6)
|
Batting: LHB Shiro Ueno
|
0-0: Swinging Strike 0-1: DOUBLE (Line Drive, 8LXD)
|
Batting: RHB Mitsuharu Matsumoto
|
0-0: Called Strike 0-1: Ground out 6-3 (Groundball, 6M)
|
Bottom of the 6th over - 0 runs, 2 hits, 0 errors, 1 left on base; Waba 3 - Havana 3 |
TOP OF THE 7TH |
Waba Ducks batting - Pitching for Havana Rollers : RHP Ron Jenkins
|
Pinch Hitting: LHB Don Ramey
|
0-0: Ball 1-0: Ball 2-0: Ball 3-0: Base on Balls
|
Batting: RHB Edgar Juárez
|
0-0: Ball 1-0: Ball 2-0: Bunted foul 2-1: Bunted foul 2-2: Ball 3-2: SINGLE (Groundball, 6MD) Don Ramey to second
|
Pitching: RHP Kel Meyer
|
|
Batting: LHB Stanley Mullins
|
0-0: Ball 1-0: Called Strike 1-1: Fielders Choice at 2nd, 4-6 (Groundball, 4M) Don Ramey to third
|
Batting: RHB Jim Martin
|
0-0: Ball 1-0: Ball 2-0: Ball 3-0: Called Strike 3-1: Called Strike 3-2: DOUBLE (Line Drive, 3D) Don Ramey scores Stanley Mullins to third Stanley Mullins scores
|
Batting: RHB Juan Vareas
|
0-0: Intentional Walk
|
Batting: RHB Raúl Bruno
|
0-0: Ball 1-0: Ball 2-0: Swinging Strike 2-1: Foul Ball, location: 2F 2-2: Foul Ball, location: 2F 2-2: Ball 3-2: Strikes out swinging
|
Pinch Hitting: LHB Vincente Sáenz
|
0-0: Ball 1-0: Foul Ball, location: 2F 1-1: Ball 2-1: SINGLE (Groundball, 4MD) Jim Martin to third Juan Vareas to second Runner from 3rd tries for Home, SAFE, throw made home
|
Batting: SHB John May
|
0-0: Ball 1-0: Called Strike 1-1: Ball 2-1: Called Strike 2-2: Ground out 4-3 (Groundball, 4S)
|
Top of the 7th over - 3 runs, 3 hits, 0 errors, 2 left on base; Waba 6 - Havana 3 |
BOTTOM OF THE 7TH |
Havana Rollers batting - Pitching for Waba Ducks : RHP Porter Warren
|
Pitching: RHP David Lester
|
|
Now at 1B: Don Ramey
|
|
Now in RF: Vincente Sáenz
|
|
Batting: RHB Luis Aguilar
|
0-0: Foul Ball, location: 2F 0-1: Swinging Strike 0-2: SINGLE (Groundball, 34D)
|
Batting: RHB Ken MacDonald
|
0-0: Ball 1-0: Called Strike 1-1: Foul Ball, location: 2F 1-2: Strikes out swinging
|
Batting: LHB Marvin Nichols
|
0-0: Ball 1-0: Foul Ball, location: 2F 1-1: Ball 2-1: Foul Ball, location: 2F 2-2: Strikes out swinging
|
Batting: LHB Mario Olivares
|
0-0: Fly out, F9 (Flyball, 9)
|
Bottom of the 7th over - 0 runs, 1 hit, 0 errors, 1 left on base; Waba 6 - Havana 3 |
TOP OF THE 8TH |
Waba Ducks batting - Pitching for Havana Rollers : RHP Kel Meyer
|
Pitching: LHP Dave Miller
|
|
Batting: RHB Luis Cardoza
|
0-0: Called Strike 0-1: Ball 1-1: Swinging Strike 1-2: Foul Ball, location: 2F 1-2: Strikes out swinging
|
Batting: LHB Don Ramey
|
0-0: Ball 1-0: Ground out 4-3 (Groundball, 4S)
|
Batting: RHB Edgar Juárez
|
0-0: Swinging Strike 0-1: Swinging Strike 0-2: Ball 1-2: Ball 2-2: Ground out 5-3 (Groundball, 56S)
|
Top of the 8th over - 0 runs, 0 hits, 0 errors, 0 left on base; Waba 6 - Havana 3 |
BOTTOM OF THE 8TH |
Havana Rollers batting - Pitching for Waba Ducks : RHP David Lester
|
Batting: RHB Brant Sherman
|
0-0: Foul Ball, location: 2F 0-1: SINGLE (Flyball, 7LS)
|
Batting: RHB Soshu Nakamura
|
0-0: Ball 1-0: Ball 2-0: Ball 3-0: Called Strike 3-1: Fly out, F9 (Flyball, 9D)
|
Batting: RHB Bill Little
|
0-0: Called Strike 0-1: Called Strike 0-2: Strikes out looking
|
Batting: LHB Shiro Ueno
|
0-0: Ball 1-0: Ball 2-0: Called Strike 2-1: Ball 3-1: Base on Balls Brant Sherman to second
|
Batting: RHB Mitsuharu Matsumoto
|
0-0: Ball 1-0: Called Strike 1-1: Called Strike 1-2: Foul Ball, location: 2F 1-2: Ground out 6-3 (Groundball, 6D)
|
Bottom of the 8th over - 0 runs, 1 hit, 0 errors, 2 left on base; Waba 6 - Havana 3 |
TOP OF THE 9TH |
Waba Ducks batting - Pitching for Havana Rollers : LHP Dave Miller
|
Batting: LHB Stanley Mullins
|
0-0: Called Strike 0-1: Ball 1-1: Ball 2-1: Foul Ball, location: 2F 2-2: Foul Ball, location: 2F 2-2: Strikes out swinging
|
Batting: RHB Jim Martin
|
0-0: Swinging Strike 0-1: Ball 1-1: Foul Ball, location: 2F 1-2: Strikes out swinging
|
Batting: RHB Juan Vareas
|
0-0: Swinging Strike 0-1: DOUBLE (Line Drive, 3D)
|
Batting: RHB Raúl Bruno
|
0-0: Called Strike 0-1: Ball 1-1: Ball 2-1: Fly out, F6 (Popup, 6S)
|
Top of the 9th over - 0 runs, 1 hit, 0 errors, 1 left on base; Waba 6 - Havana 3 |
BOTTOM OF THE 9TH |
Havana Rollers batting - Pitching for Waba Ducks : RHP David Lester
|
Batting: RHB Luis Aguilar
|
0-0: Ball 1-0: Called Strike 1-1: Ball 2-1: Fly out, F8 (Flyball, 8RXD)
|
Batting: RHB Ken MacDonald
|
0-0: Ball 1-0: Ground out U3 (Groundball, 3L)
|
Batting: LHB Marvin Nichols
|
0-0: Ball 1-0: Ball 2-0: Ball 3-0: Called Strike 3-1: Swinging Strike 3-2: Strikes out looking
|
Bottom of the 9th over - 0 runs, 0 hits, 0 errors, 0 left on base; Waba 6 - Havana 3 |
|